 Dungeon Crawl Stone Soup version 0.18-a0-1507-g69458e0 (webtiles) character file.

4811 GrosslyIncandescent the Martial Artist (level 10, -3/83 HPs)
             Began as a Mummy Monk on Mar 5, 2016.
             Slain by a giant frog (5 damage)
             ... on level 8 of the Dungeon.
             The game lasted 00:25:20 (10987 turns).

GrosslyIncandescent the Martial Artist (MuMo)      Turns: 10987, Time: 00:25:20

Health: -3/83      AC:  2    Str: 15    XL:     10   Next: 24%
Magic:  10/10      EV: 17    Int:  9    God:
Gold:   328        SH:  0    Dex: 18    Spells: 0 memorised, 9 levels left

rFire  . . .     SeeInvis .       - Unarmed
rCold  + . .     Gourm    .     (no armour)
rNeg   + + +     Faith    .     (no shield)
rPois  ∞         Spirit   .     (no helmet)
rElec  .         Dismiss  .     t - +0 cloak
rCorr  .         Reflect  .     (no gloves)
SustAt .         Harm     .     p - +0 pair of boots
MR     +....                    b - amulet of regeneration {Faster dances}
Stlth  ++........               f - ring of protection from fire {Oh hey neat}
                                m - ring of flight {THRICE HE EVOKETH}

@: somewhat resistant to hostile enchantments, unstealthy
A: no food or potions, fire vulnerability, cold resistance 1, negative energy
resistance 3, torment resistance, unbreathing
a: Evoke Flight


You were on level 8 of the Dungeon.
You were not hungry.

You visited 1 branch of the dungeon, and saw 9 of its levels.

You collected 328 gold pieces.


Innate Abilities, Weirdness & Mutations

You do not eat or drink.
Your flesh is vulnerable to fire.
You are immune to poison.
Your flesh is cold resistant.
You are immune to negative energy.
You are immune to unholy pain and torment.
You can survive without breathing.


   Skills:
 - Level 9.0 Fighting
 + Level 7.0 Dodging
 - Level 1.5 Stealth
 - Level 9.0 Unarmed Combat


You had 9 spell levels left.
You didn't know any spells.

Inventory:

Hand Weapons
 q - the +7 spear of Bodily Harmony {pierce, rElec, unknown}

   It inflicts extra damage upon your enemies.
   It insulates you from electricity.
 u - a +0 great mace {Dowan's BBC}
 v - a +0 short sword {Duvessa's needle}
Missiles
 k - 2 curare-tipped needles (quivered) {=f}
Armour
 p - a +0 pair of boots (worn)
 t - a +0 cloak (worn)
Jewellery
 b - an amulet of regeneration (around neck) {Faster dances}
 d - an uncursed amulet of harm {unknown}
 f - a ring of protection from fire (right hand) {Oh hey neat}
 g - an uncursed amulet of harm {unknown}
 m - a ring of flight (left hand) {THRICE HE EVOKETH}
 s - an uncursed ring of ice
Scrolls
 a - 4 scrolls of immolation {!r}
 c - 2 scrolls of recharging
 e - 4 scrolls of enchant weapon {unknown}
 h - 3 scrolls of enchant armour {unknown}
 i - 3 scrolls of teleportation {@r4}
 j - 4 scrolls of remove curse
 l - a scroll of noise {unknown}
 n - a scroll of fear {unknown}
 o - a scroll of magic mapping
 w - 2 scrolls of vulnerability {!r}
 x - a scroll of amnesia {unknown}
 y - a scroll of brand weapon {unknown}

Dungeon Overview and Level Annotations

Branches:
Dungeon (9/15)             Temple (0/1) D:5
   Lair: D:8-11         Orc: D:9-12

Altars:
Ashenzari
Dithmenos
Kikubaaqudgha
Makhleb
Okawaru
Pakellas
Qazlal
Ru
Sif Muna
Trog
Xom
Yredelemnul
Zin
The Shining One

Annotations:
D:3 exclusions: downstairs, orc and orc wizard
D:4 Not finished, zkyp's ghost, amateur DgGl
D:6 Yiuf with slow, Crazy Yiuf

▒▒▒▒..#..▒ ▒..#..▒
▒..†..▒
▒..#.)▒▒▒▒▒▒▒▒▒▒▒▒▒▒▒
▒▒▒▒..#%%▒▒............▒
...▒▒▒▒▒▒▒▒.▒▒▒▒.......▒
........▒.▒.▒ ▒.▒▒▒▒..▒
........▒.▒.▒▒▒▒T▒ ▒..▒
...............FM▒ ▒..▒
........▒.▒.▒▒▒▒▒▒ ▒..▒
▒▒▒▒▒▒▒.▒.▒.▒ ▒..▒
............▒ ▒†.▒
▒▒▒▒▒▒▒.▒...▒ ▒..▒
.....▒▒.▒...▒ ▒..▒
▒▒▒▒.▒▒.▒...▒▒▒▒▒▒▒▒▒..▒
▒▒▒▒...............†...▒
...........▒▒▒▒▒▒▒▒▒▒▒.▒


You could see a troll and a giant frog.


Message History

You squash the giant frog but do no damage!
The giant frog hits you! The troll bites you!!! The troll misses you! x2
You squash the giant frog but do no damage!
The giant frog misses you! The giant frog completely misses you!
The troll bites you!!! * * * don't die
* * * The troll claws you!!! * * * don't die
* * * The troll barely misses you!
You beat the giant frog into a bloody pulp!
You punch the giant frog!!!
The giant frog is moderately wounded!
The giant frog misses you!
You pulverise the giant frog!!!
The giant frog is almost dead!
The giant frog barely misses you! The troll bites you! * * * don't die
* * * The troll claws you!!! * * * don't die
* * * The troll closely misses you!
You closely miss the giant frog!
The giant frog is almost dead!
The giant frog barely misses you! The troll completely misses you!
The troll claws you!!! * * * don't die
* * * The troll completely misses you!
You closely miss the giant frog!
The giant frog is almost dead!
The giant frog hits you! rip

Action                   |  1- 3 |  4- 6 |  7- 9 | 10-12 || total
-------------------------+-------+-------+-------+-------++-------
Melee: Unarmed           |   123 |   316 |   608 |   134 ||  1181
  Use: Scroll            |       |       |     9 |     1 ||    10
 Stab: Sleeping          |     4 |     3 |     7 |     1 ||    15

Vault maps used:
D:1:      minmay_arrival_checkered_box
D:2:      xom_teletrap_fun, serial_glass, glass_columns_c, glass_columns_c,
          glass_columns_c, glass_columns_b, glass_columns_a
D:3:      grunt_pakellas_salt
D:4:      overflow_temple_1_default, gammafunk_temple_overflow_elements,
          first_bread, minmay_misc_feat_tiny
D:5:      kennysheep_mini, yredelemnul_altar_generic, minmay_temple_entry_hall,
          basic_altar, nicolae_dithmenos_the_darkroom, uniq_grinder,
          uniq_duvessa
D:6:      minitemple, uniq_crazy_yiuf_cottage
D:7:      kennysheep_little_box, basic_altar
D:8:      grunt_livestock, onia_ninara_dug_in_and_dangerous
D:9:      marbit_many_paths, serial_shops, shop, uniq_psyche

Notes
Turn   | Place    | Note
--------------------------------------------------------------
     0 | D:1      | GrosslyIncandescent the Mummy Monk began the quest for the Orb.
     0 | D:1      | Reached XP level 1. HP: 18/18 MP: 1/1
   236 | D:1      | neat
   392 | D:1      | Reached XP level 2. HP: 17/24 MP: 2/2
   784 | D:2      | Found a shimmering altar of Xom.
   900 | D:2      | Reached skill level 4 in Unarmed Combat
   944 | D:2      | Reached XP level 3. HP: 22/29 MP: 3/3
  1473 | D:2      | Reached XP level 4. HP: 25/35 MP: 4/4
  1944 | D:3      | Reached skill level 5 in Unarmed Combat
  2170 | D:3      | Found an oddly glowing altar of Pakellas.
  2477 | D:4      | Reached XP level 5. HP: 24/41 MP: 5/5
  2558 | D:4      | Found a deep blue altar of Sif Muna.
  2558 | D:4      | Found a stormy altar of Qazlal.
  2588 | D:4      | Noticed zkyp's ghost (amateur DgGl)
  2740 | D:4      | Got a scorched spear
  2841 | D:4      | Reached skill level 4 in Fighting
  2846 | D:4      | Found an ancient bone altar of Kikubaaqudgha.
  3022 | D:5      | Entered Level 5 of the Dungeon
  3053 | D:5      | Found a shattered altar of Ashenzari.
  3192 | D:5      | Found a shadowy altar of Dithmenos.
  3195 | D:5      | Noticed a hungry ghost
  3290 | D:5      | Noticed Grinder
  3310 | D:5      | Noticed an eye of draining
  3311 | D:5      | Found a basalt altar of Yredelemnul.
  3312 | D:5      | Found a staircase to the Ecumenical Temple.
  3333 | D:4      | Killed an eye of draining
  3333 | D:4      | Reached skill level 5 in Fighting
  3333 | D:4      | Reached XP level 6. HP: 48/51 MP: 0/6
  3730 | D:5      | Found a glowing silver altar of Zin.
  4114 | D:5      | Reached skill level 3 in Dodging
  4186 | D:5      | Noticed Duvessa
  4192 | D:5      | Noticed Dowan
  4715 | D:5      | Reached XP level 7. HP: 53/56 MP: 7/7
  4759 | D:5      | Paralysed by Grinder for 2 turns
  4832 | D:3      | Reached skill level 4 in Dodging
  5406 | D:4      | Reached skill level 5 in Dodging
  5626 | D:5      | HP: 2/56 [Duvessa/short sword (12)]
  6158 | D:6      | Reached skill level 6 in Unarmed Combat
  6158 | D:6      | Reached XP level 8. HP: 39/63 MP: 8/8
  6498 | D:6      | Found a sacrificial altar of Ru.
  6651 | D:6      | Found a glowing golden altar of the Shining One.
  6651 | D:6      | Found a bloodstained altar of Trog.
  6651 | D:6      | Found an iron altar of Okawaru.
  6722 | D:6      | HP: 6/63 [giant frog (7)]
  6944 | D:6      | Reached skill level 7 in Unarmed Combat
  7245 | D:6      | Noticed Crazy Yiuf
  7477 | D:5      | Found a glowing silver altar of Zin.
  7619 | D:5      | Found a basalt altar of Yredelemnul.
  7681 | D:5      | Found a shattered altar of Ashenzari.
  7719 | D:5      | Killed Duvessa
  7719 | D:5      | Reached skill level 8 in Unarmed Combat
  7728 | D:5      | Killed Dowan
  7940 | D:5      | Found a shadowy altar of Dithmenos.
  8094 | D:5      | Paralysed by Grinder for 5 turns
  8104 | D:5      | Killed Grinder
  8104 | D:5      | Reached XP level 9. HP: 68/68 MP: 9/9
  8616 | D:7      | Reached skill level 9 in Unarmed Combat
  8668 | D:7      | Found a shimmering altar of Xom.
  8789 | D:7      | Reached skill level 6 in Fighting
  8821 | D:7      | Found a burning altar of Makhleb.
  9157 | D:7      | Reached skill level 7 in Fighting
  9346 | D:8      | Reached skill level 8 in Fighting
  9352 | D:8      | HP: 6/74 [yak (7)]
  9543 | D:8      | Reached skill level 9 in Fighting
 10143 | D:8      | Reached XP level 10. HP: 80/83 MP: 10/10
 10245 | D:8      | Reached skill level 6 in Dodging
 10757 | D:9      | Reached skill level 7 in Dodging
 10811 | D:9      | Noticed a tengu warrior
 10986 | D:8      | HP: 2/83 [troll (11)]
 10987 | D:8      | Slain by a giant frog

Vanquished Creatures
  Grinder (D:5)
  5 yaks
  A human (D:8)
  A hog (D:8)
  2 hungry ghosts
  2 ice beasts
  An orc warrior (D:8)
  A sky beast (D:7)
  An eye of draining (D:4)
  A necrophage (D:3)
  4 ogres
  A phantom (D:7)
  A centaur (D:8)
  A crocodile (D:7)
  2 big kobolds
  5 giant frogs
  Dowan (D:5)
  3 scorpions
  A water moccasin skeleton (D:7)
  3 wights
  5 howler monkeys
  3 crimson imps
  A quasit (D:6)
  A giant frog zombie (D:8)
  3 hounds
  4 orc priests
  3 jellies
  A centaur skeleton (D:8)
  2 giant frog skeletons (D:8)
  2 orc wizards
  An iguana (D:8)
  3 worker ants
  2 sheep (D:8)
  A hound zombie (D:8)
  4 hound skeletons
  4 gnolls
  13 adders
  2 shadow imps
  2 oozes
  3 adder zombies
  2 adder skeletons
  5 worms
  3 dart slugs
  2 giant geckos
  23 orcs
  5 giant cockroaches
  A goblin (D:3)
  5 hobgoblins
  6 jackals
  4 quokkas
  6 bats
  A giant gecko skeleton (D:3)
  A giant gecko zombie (D:7)
  4 giant newts
  A jackal skeleton (D:5)
  20 kobolds
  2 quokka skeletons
  5 rats
  A fungus (D:6)
195 creatures vanquished.

Vanquished Creatures (others)
  Duvessa (D:5)
1 creature vanquished.

Grand Total: 196 creatures vanquished
